PAAA
ALASKAN HUMPBACKS @ BAKERSFIELD NOBLES
09/06/2017
 
TOP OF THE 1ST
Alaskan Humpbacks batting - Pitching for Bakersfield Nobles : RHP Lance Hodges
Pitching: RHP Lance Hodges
Batting: RHB Akahele Kimokeo 0-0: Ball
1-0: Foul Ball, location: 2F
1-1: Ball
2-1: DOUBLE (Flyball, 9LD)
Batting: RHB Tom Gregg 0-0: Ground out 6-3 (Groundball, 6)
Akahele Kimokeo to third
Batting: RHB Michael Collins 0-0: Ball
1-0: Called Strike
1-1: SINGLE (Line Drive, 8LS)
Akahele Kimokeo scores
Batting: LHB Thomas Kemp 0-0: Ball
1-0: Foul Ball, location: 2F
1-1: Ball
2-1: Called Strike
2-2: Ball
3-2: Base on Balls
Michael Collins to second
Batting: RHB Jared Smith 0-0: Foul Ball, location: 2F
0-1: Called Strike
0-2: Strikes out looking
Batting: RHB Joe Bell 0-0: Called Strike
0-1: Ball
1-1: Called Strike
1-2: SINGLE (Groundball, 34D)
Michael Collins to third
Thomas Kemp to second
Runner from 3rd tries for Home, SAFE, no throw or cutoff
Batting: RHB Javier Díaz 0-0: Ball
1-0: Foul Ball, location: 2F
1-1: Ball
2-1: Ball
3-1: Swinging Strike
3-2: Foul Ball, location: 2F
3-2: SINGLE (Flyball, 8LS)
Thomas Kemp to third
Joe Bell to second
Thomas Kemp scores
Joe Bell to third
Batting: RHB Grant Waller 0-0: Ball
Wild Pitch!
Joe Bell scores
Javier Díaz to second
1-0: Foul Ball, location: 2F
1-1: Called Strike
1-2: Foul Ball, location: 2F
1-2: Strikes out looking
Top of the 1st over - 4 run(s), 4 hit(s), 0 error(s), 1 left on base; Alaskan 4 - Bakersfield 0
BOTTOM OF THE 1ST
Bakersfield Nobles batting - Pitching for Alaskan Humpbacks : RHP Sabino Ramírez
Pitching: RHP Sabino Ramírez
Batting: RHB Bill Wilhelm 0-0: Called Strike
0-1: Fly out, F4 (Popup, 34D)
Batting: LHB Tim Walker 0-0: Called Strike
0-1: Ball
1-1: Foul Ball, location: 2F
1-2: Foul Ball, location: 2F
1-2: Ball
2-2: Foul Ball, location: 2F
2-2: Ball
3-2: Foul Ball, location: 2F
3-2: Base on Balls
Batting: RHB Jorge Gonzáles 0-0: Called Strike
0-1: Foul Ball, location: 2F
0-2: Grounds into double play, 1-6-3 (Groundball, 25)
Bottom of the 1st over - 0 run(s), 0 hit(s), 0 error(s), 0 left on base; Alaskan 4 - Bakersfield 0
TOP OF THE 2ND
Alaskan Humpbacks batting - Pitching for Bakersfield Nobles : RHP Lance Hodges
Batting: RHB Fernando Camacho 0-0: Fly out, F9 (Flyball, 9LMF)
Batting: RHB Akahele Kimokeo 0-0: Ball
1-0: Ball
2-0: SINGLE (Groundball, 34)
Batting: RHB Tom Gregg 0-0: Ball
1-0: Ball
2-0: Foul Ball, location: 2F
2-1: Ball
3-1: SINGLE (Line Drive, 4M)
Akahele Kimokeo to second
Batting: RHB Michael Collins 0-0: Ball
1-0: Fly out, F4 (Line Drive, 4)
Batting: LHB Thomas Kemp 0-0: Called Strike
0-1: Ball
1-1: Swinging Strike
1-2: Fly out, F7 (Flyball, 7M)
Top of the 2nd over - 0 run(s), 2 hit(s), 0 error(s), 2 left on base; Alaskan 4 - Bakersfield 0
BOTTOM OF THE 2ND
Bakersfield Nobles batting - Pitching for Alaskan Humpbacks : RHP Sabino Ramírez
Batting: LHB Chris Nelson 0-0: Called Strike
0-1: Foul Ball, location: 2F
0-2: DOUBLE (Line Drive, 9D)
Batting: SHB Ernest Miller 0-0: Called Strike
0-1: Ball
1-1: Ball
2-1: Foul Ball, location: 2F
2-2: Foul Ball, location: 2F
2-2: Strikes out looking
Batting: LHB Riley Nichols 0-0: Ground out 3-1 (Groundball, 34)
Chris Nelson to third
Batting: LHB Phil Parkinson 0-0: Called Strike
0-1: SINGLE (Line Drive, 89S)
Chris Nelson scores
Batting: SHB Walt Smith 0-0: Fielders Choice at 2nd, U6 (Groundball, 6M)
Bottom of the 2nd over - 1 run(s), 2 hit(s), 0 error(s), 1 left on base; Alaskan 4 - Bakersfield 1
TOP OF THE 3RD
Alaskan Humpbacks batting - Pitching for Bakersfield Nobles : RHP Lance Hodges
Batting: RHB Jared Smith 0-0: Ball
1-0: Ball
2-0: Foul Ball, location: 2F
2-1: Foul Ball, location: 2F
2-2: Ball
3-2: Strikes out looking
Batting: RHB Joe Bell 0-0: Called Strike
0-1: Foul Ball, location: 2F
0-2: SINGLE (Groundball, 34D)
Batting: RHB Javier Díaz 0-0: Swinging Strike
0-1: Grounds into double play, 6-4-3 (Groundball, 6)
Top of the 3rd over - 0 run(s), 1 hit(s), 0 error(s), 0 left on base; Alaskan 4 - Bakersfield 1
BOTTOM OF THE 3RD
Bakersfield Nobles batting - Pitching for Alaskan Humpbacks : RHP Sabino Ramírez
Batting: RHB Ángel Vargas 0-0: Called Strike
0-1: Ball
1-1: Ball
2-1: Ball
3-1: Base on Balls
Batting: RHB Bill Wilhelm 0-0: Called Strike
0-1: Ball
1-1: Foul Ball, location: 2F
1-2: Grounds into double play, 6-4-3 (Groundball, 6)
Batting: LHB Tim Walker 0-0: Called Strike
0-1: Ball
1-1: Foul Ball, location: 2F
1-2: Ball
2-2: Ground out 1-3 (Groundball, 13S)
Bottom of the 3rd over - 0 run(s), 0 hit(s), 0 error(s), 0 left on base; Alaskan 4 - Bakersfield 1
TOP OF THE 4TH
Alaskan Humpbacks batting - Pitching for Bakersfield Nobles : RHP Lance Hodges
Batting: RHB Grant Waller 0-0: Called Strike
0-1: Ball
1-1: Foul Ball, location: 2F
1-2: Strikes out swinging
Batting: RHB Fernando Camacho 0-0: Called Strike
0-1: Ground out 1-3 (Groundball, 15S)
Batting: RHB Akahele Kimokeo 0-0: Ball
1-0: SINGLE (Line Drive, 89S)
Batting: RHB Tom Gregg 0-0: Ball
1-0: Ball
2-0: Called Strike
2-1: Foul Ball, location: 2F
2-2: Foul Ball, location: 2F
2-2: Ground out 6-3 (Groundball, 6)
Top of the 4th over - 0 run(s), 1 hit(s), 0 error(s), 1 left on base; Alaskan 4 - Bakersfield 1
BOTTOM OF THE 4TH
Bakersfield Nobles batting - Pitching for Alaskan Humpbacks : RHP Sabino Ramírez
Batting: RHB Jorge Gonzáles 0-0: Called Strike
0-1: Hit by Pitch
Batting: LHB Chris Nelson 0-0: Ball
1-0: Ball
2-0: Ball
3-0: Base on Balls
Jorge Gonzáles to second
Batting: SHB Ernest Miller 0-0: Fly out, F7 (Flyball, 7D)
Runner from 2nd tags up, SAFE at 3rd, no throw
Batting: LHB Riley Nichols 0-0: Ball
1-0: Ball
2-0: Called Strike
2-1: SINGLE (Groundball, 5D)
Jorge Gonzáles scores
Chris Nelson to second
Batting: LHB Phil Parkinson 0-0: Called Strike
0-1: Ball
1-1: Foul Ball, location: 2F
1-2: Ball
2-2: Ball
3-2: Base on Balls
Chris Nelson to third
Riley Nichols to second
Batting: SHB Walt Smith 0-0: Ball
1-0: Ball
2-0: Called Strike
2-1: Foul Ball, location: 2F
2-2: SINGLE (Flyball, 56D)
Chris Nelson scores
Riley Nichols to third
Phil Parkinson to second
Batting: RHB Ángel Vargas 0-0: Ball
1-0: SINGLE (Flyball, 9LS)
Riley Nichols scores
Phil Parkinson to third
Walt Smith to second
Runner from 3rd tries for Home, SAFE, throw made home
Pitching: RHP Pedro Pagán
Batting: RHB Bill Wilhelm 0-0: Swinging Strike
0-1: SINGLE (Line Drive, 56)
Walt Smith to third
Ángel Vargas to second
Batting: LHB Tim Walker 0-0: Called Strike
0-1: Foul Ball, location: 2F
0-2: Ball
1-2: Foul Ball, location: 2F
1-2: DOUBLE (Groundball, 3L)
Walt Smith scores
Ángel Vargas scores
Bill Wilhelm to third
Batting: RHB Jorge Gonzáles 0-0: Called Strike
0-1: Fly out, F7 (Line Drive, 7S)
Batting: LHB Chris Nelson 0-0: Called Strike
0-1: Ground out 1-3 (Groundball, 13S)
Bottom of the 4th over - 6 run(s), 5 hit(s), 0 error(s), 2 left on base; Alaskan 4 - Bakersfield 7
TOP OF THE 5TH
Alaskan Humpbacks batting - Pitching for Bakersfield Nobles : RHP Lance Hodges
Batting: RHB Michael Collins 0-0: Ground out 6-3 (Groundball, 6)
Batting: LHB Thomas Kemp 0-0: Ball
1-0: SINGLE (Flyball, 7S)
Batting: RHB Jared Smith 0-0: Ball
1-0: Called Strike
1-1: Ball
2-1: Ball
3-1: Foul Ball, location: 2F
3-2: Foul Ball, location: 2F
3-2: Strikes out swinging
Batting: RHB Joe Bell 0-0: Foul Ball, location: 2F
0-1: Ball
1-1: Foul Ball, location: 2F
1-2: Ball
2-2: Ball
3-2: Foul Ball, location: 2F
3-2: Strikes out swinging
Top of the 5th over - 0 run(s), 1 hit(s), 0 error(s), 1 left on base; Alaskan 4 - Bakersfield 7
BOTTOM OF THE 5TH
Bakersfield Nobles batting - Pitching for Alaskan Humpbacks : RHP Pedro Pagán
Batting: SHB Ernest Miller 0-0: Called Strike
0-1: Ball
1-1: Foul Ball, location: 2F
1-2: Ground out 3-1 (Groundball, 3)
Batting: LHB Riley Nichols 0-0: Ball
1-0: Called Strike
1-1: SINGLE (Line Drive, 3L)
Batting: LHB Phil Parkinson 0-0: Ball
1-0: Ball
Wild Pitch!
Riley Nichols to second
2-0: Called Strike
2-1: Ground out 5-3 (Groundball, 56)
Batting: SHB Walt Smith 0-0: Ball
Wild Pitch!
Riley Nichols to third
1-0: Ground out 3-1 (Groundball, 3)
Bottom of the 5th over - 0 run(s), 1 hit(s), 0 error(s), 1 left on base; Alaskan 4 - Bakersfield 7
TOP OF THE 6TH
Alaskan Humpbacks batting - Pitching for Bakersfield Nobles : RHP Lance Hodges
Batting: RHB Javier Díaz 0-0: DOUBLE (Line Drive, 7LM)
Batting: RHB Grant Waller 0-0: Ground out 6-3 (Groundball, 6)
Batting: RHB Fernando Camacho 0-0: Fly out, F9 (Flyball, 89M)
Batting: RHB Akahele Kimokeo 0-0: Ball
1-0: Foul Ball, location: 2F
1-1: Foul Ball, location: 2F
1-2: SINGLE (Line Drive, 34)
Javier Díaz to third
Pitching: RHP Aaron Greene
Batting: RHB Tom Gregg 0-0: Ball
1-0: Ball
2-0: Called Strike
2-1: Ground out 1-3 (Groundball, 13)
Top of the 6th over - 0 run(s), 2 hit(s), 0 error(s), 2 left on base; Alaskan 4 - Bakersfield 7
BOTTOM OF THE 6TH
Bakersfield Nobles batting - Pitching for Alaskan Humpbacks : RHP Pedro Pagán
Batting: RHB Ángel Vargas 0-0: Ball
1-0: Called Strike
1-1: Ball
2-1: Fly out, F7 (Flyball, 8LM)
Batting: RHB Bill Wilhelm 0-0: Fly out, F3 (Popup, 3S)
Batting: LHB Tim Walker 0-0: Swinging Strike
0-1: Ball
1-1: SINGLE (Groundball, 4M)
Batting: RHB Jorge Gonzáles 0-0: Ball
1-0: Ball
2-0: Foul Ball, location: 2F
2-1: Reached on error, E5 (Groundball, 5)
Tim Walker to second
Batting: LHB Chris Nelson 0-0: Called Strike
0-1: Fly out, F7 (Flyball, 7LM)
Bottom of the 6th over - 0 run(s), 1 hit(s), 1 error(s), 2 left on base; Alaskan 4 - Bakersfield 7
TOP OF THE 7TH
Alaskan Humpbacks batting - Pitching for Bakersfield Nobles : RHP Aaron Greene
Batting: RHB Michael Collins 0-0: Ball
1-0: Ball
2-0: Called Strike
2-1: Ball
3-1: DOUBLE (Flyball, 89D)
Batting: LHB Thomas Kemp 0-0: Foul Ball, location: 2F
0-1: Called Strike
0-2: Ball
1-2: Ball
2-2: Foul Ball, location: 2F
2-2: Ball
3-2: Base on Balls
Batting: RHB Jared Smith 0-0: Ball
1-0: Ball
2-0: Foul Ball, location: 2F
2-1: Foul Ball, location: 2F
2-2: Strikes out swinging
Batting: RHB Joe Bell 0-0: Swinging Strike
0-1: Foul Ball, location: 2F
0-2: Strikes out swinging
Batting: RHB Javier Díaz 0-0: Called Strike
0-1: Swinging Strike
0-2: Ball
1-2: Foul Ball, location: 2F
1-2: Strikes out swinging
Top of the 7th over - 0 run(s), 1 hit(s), 0 error(s), 2 left on base; Alaskan 4 - Bakersfield 7
BOTTOM OF THE 7TH
Bakersfield Nobles batting - Pitching for Alaskan Humpbacks : RHP Pedro Pagán
Pitching: LHP Jason Hoskins
Batting: SHB Ernest Miller 0-0: Swinging Strike
0-1: Ball
1-1: Ball
2-1: Called Strike
2-2: Ball
3-2: Foul Ball, location: 2F
3-2: Base on Balls
Batting: LHB Riley Nichols 0-0: Fly out, F8 (Flyball, 8LM)
Batting: LHB Phil Parkinson 0-0: Fielders Choice at 2nd, 4-6 (Groundball, 34)
Batting: SHB Walt Smith 0-0: Ball
1-0: Swinging Strike
1-1: Ball
2-1: Ball
3-1: Foul Ball, location: 2F
3-2: DOUBLE (Flyball, 8LM)
Phil Parkinson to third
Phil Parkinson scores
Batting: RHB Ángel Vargas 0-0: Foul Ball, location: 2F
0-1: Called Strike
0-2: Ball
1-2: Ball
2-2: Foul Ball, location: 2F
2-2: Ball
3-2: Base on Balls
Batting: RHB Bill Wilhelm 0-0: Ball
1-0: Foul Ball, location: 2F
1-1: Ball
2-1: Swinging Strike
2-2: Foul Ball, location: 2F
2-2: Fielders Choice at 2nd, U6 (Groundball, 6M)
Bottom of the 7th over - 1 run(s), 1 hit(s), 0 error(s), 2 left on base; Alaskan 4 - Bakersfield 8
TOP OF THE 8TH
Alaskan Humpbacks batting - Pitching for Bakersfield Nobles : RHP Aaron Greene
Batting: RHB Grant Waller 0-0: Called Strike
0-1: Swinging Strike
0-2: Ball
1-2: Ball
2-2: Strikes out looking
Batting: RHB Fernando Camacho 0-0: Swinging Strike
0-1: Called Strike
0-2: Ball
1-2: Strikes out swinging
Batting: RHB Akahele Kimokeo 0-0: Ground out 4-3 (Groundball, 4)
Top of the 8th over - 0 run(s), 0 hit(s), 0 error(s), 0 left on base; Alaskan 4 - Bakersfield 8
BOTTOM OF THE 8TH
Bakersfield Nobles batting - Pitching for Alaskan Humpbacks : LHP Jason Hoskins
Batting: LHB Tim Walker 0-0: Ball
1-0: Ground out U3 (Groundball, 3)
Batting: RHB Jorge Gonzáles 0-0: Ball
1-0: Foul Ball, location: 2F
1-1: Ball
2-1: Ground out 5-3 (Groundball, 5)
Batting: LHB Chris Nelson 0-0: Ball
1-0: Foul Ball, location: 2F
1-1: Foul Ball, location: 2F
1-2: Ball
2-2: Strikes out swinging
Bottom of the 8th over - 0 run(s), 0 hit(s), 0 error(s), 0 left on base; Alaskan 4 - Bakersfield 8
TOP OF THE 9TH
Alaskan Humpbacks batting - Pitching for Bakersfield Nobles : RHP Aaron Greene
Batting: RHB Tom Gregg 0-0: Ball
1-0: Ball
2-0: Ball
3-0: Called Strike
3-1: Foul Ball, location: 2F
3-2: Base on Balls
Batting: RHB Michael Collins 0-0: Called Strike
0-1: Ball
1-1: Ball
2-1: Swinging Strike
2-2: 2-RUN HOME RUN (Flyball, 7D), Distance : 375 ft
Pitching: LHP Gerardo Márquez
Batting: LHB Thomas Kemp 0-0: Called Strike
0-1: Ball
1-1: SOLO HOME RUN (Flyball, 89XD), Distance : 395 ft
Batting: RHB Jared Smith 0-0: SINGLE (Flyball, 78S)
Batting: RHB Joe Bell 0-0: Ball
1-0: Ball
2-0: SINGLE (Groundball, 23) (infield hit)
Jared Smith to second
Batting: RHB Javier Díaz 0-0: Ball
1-0: Fly out, F6 (Popup, 6)
Batting: RHB Grant Waller 0-0: Ball
1-0: Ball
2-0: Ball
3-0: Called Strike
3-1: Called Strike
3-2: Reached on error, E4 (Groundball, 4)
Jared Smith to third
Joe Bell to second
Pinch Hitting: RHB Ricardo García 0-0: Ball
1-0: Ball
2-0: SINGLE (Line Drive, 6)
Jared Smith scores
Joe Bell to third
Grant Waller to second
Runner from 3rd tries for Home, SAFE, throw made home
Pitching: LHP José Guerrero
Batting: RHB Akahele Kimokeo 0-0: Ball
1-0: Ball
2-0: Ball
3-0: Called Strike
3-1: Called Strike
3-2: Base on Balls
Grant Waller to third
Ricardo García to second
Batting: RHB Tom Gregg 0-0: Foul Ball, location: 2F
0-1: Ball
1-1: DOUBLE (Flyball, 9LM)
Grant Waller scores
Ricardo García scores
Akahele Kimokeo to third
Batting: RHB Michael Collins 0-0: Intentional Walk
Batting: LHB Thomas Kemp 0-0: Called Strike
0-1: Ball
1-1: Swinging Strike
1-2: Strikes out looking
Batting: RHB Jared Smith 0-0: Ground out 6-3 (Groundball, 6)
Top of the 9th over - 7 run(s), 6 hit(s), 1 error(s), 3 left on base; Alaskan 11 - Bakersfield 8
BOTTOM OF THE 9TH
Bakersfield Nobles batting - Pitching for Alaskan Humpbacks : LHP Jason Hoskins
Pitching: RHP Josh Boyd
Now at C: Andrés Cota
Now at SS: Josef Koper
Now in LF: Tim Norris
Now in CF: James Sorensen
Batting: SHB Ernest Miller 0-0: Called Strike
0-1: Ball
1-1: Ball
2-1: Ball
3-1: Called Strike
3-2: Foul Ball, location: 2F
3-2: Foul Ball, location: 2F
3-2: Fly out, F4 (Line Drive, 4)
Batting: LHB Riley Nichols 0-0: Ball
1-0: Foul Ball, location: 2F
1-1: Ball
2-1: Ball
3-1: Foul Ball, location: 2F
3-2: Ground out 6-3 (Groundball, 6M)
Batting: LHB Phil Parkinson 0-0: Ball
1-0: Ball
2-0: Ball
3-0: Called Strike
3-1: Base on Balls
Batting: SHB Walt Smith 0-0: Ball
1-0: 2-RUN HOME RUN (Line Drive, 9D), Distance : 376 ft
Pitching: LHP Dale Stevens
Batting: RHB Ángel Vargas 0-0: Ball
1-0: Ball
2-0: Fly out, F7 (Flyball, 78XD)
Bottom of the 9th over - 2 run(s), 1 hit(s), 0 error(s), 0 left on base; Alaskan 11 - Bakersfield 10
This league is powered by Out of the Park Baseball, the baseball management simulation game for PC, Mac and Linux
Saturday, February 27th, 2021 - OOTP Baseball 15.6 Build 34